 Dungeon Crawl Stone Soup version 0.19-a0-919-g901835a (webtiles) character file.

3068 Sixotanaka the Carver (level 9, -1/54 HPs)
             Began as a High Elf Skald on July 5, 2016.
             Was a Priest of Cheibriados.
             Slain by an orc warrior
             ... wielding a +0 glaive
              (4 damage)
             ... on level 8 of the Dungeon.
             The game lasted 00:17:56 (8981 turns).

Sixotanaka the Carver (High Elf Skald)              Turns: 8981, Time: 00:17:57

Health: -1/54      AC: 10    Str: 19    XL:     9   Next: 58%
Magic:  2/13       EV: 11    Int: 25    God:    Cheibriados [***...]
Gold:   94         SH:  0    Dex: 23    Spells: 4 memorised, 3 levels left

rFire  + . .     SeeInvis .     a - +0 long sword
rCold  . . .     Gourm    .     C - +2 ring mail {rF+}
rNeg   . . .     Faith    .     (no shield)
rPois  .         Spirit   .     p - +0 helmet
rElec  .         Dismiss  .     G - +0 cloak
rCorr  .         Reflect  .     j - +0 pair of gloves
SustAt .         Harm     .     (no boots)
MR     .....                    (no amulet)
Stlth  +.........               (no ring)
                                (no ring)

@: infused, very slightly contaminated, very slow, not resistant to hostile
enchantments, very unstealthy
A: no striking features
a: Bend Time, Temporal Distortion, Renounce Religion


You were on level 8 of the Dungeon.
You worshipped Cheibriados.
Cheibriados was most pleased with you.
You were not hungry.

You visited 1 branch of the dungeon, and saw 8 of its levels.

You collected 409 gold pieces.
You spent 315 gold pieces at shops.


   Skills:
 - Level 2.0 Fighting
 * Level 13.3 Long Blades
 + Level 1.0 Throwing
 - Level 0.8 Armour
 - Level 1.1 Dodging
 - Level 2.4 Spellcasting
 - Level 7.0 Charms
 + Level 4.8 Invocations


You had 3 spell levels left.
You knew the following spells:

 Your Spells              Type           Power        Failure   Level  Hunger
a - Shroud of Golubria    Chrm/Tloc      ###.......   10%         2    ##.....
c - Spectral Weapon       Hex/Chrm       ###.....     14%         3    ###....
g - Regeneration          Chrm/Necr      ###.......   14%         3    ###....
z - Infusion              Chrm           ####         1%          1    None


Dungeon Overview and Level Annotations

Branches:
Dungeon (8/15)             Temple (0/1) D:6
   Lair: D:8-11

Altars:
Ashenzari
Cheibriados
Gozag
Nemelex Xobeh
Okawaru
Qazlal
Trog
Vehumet
The Shining One

Shops:
D:7 [

Inventory:

Hand Weapons
 a - a +0 long sword (weapon)
   (You found it on level 3 of the Dungeon)
 b - a +0 blowgun
   (You took it off a kobold on level 3 of the Dungeon)
Missiles
 s - 21 poisoned needles
 E - 3 javelins of penetration (quivered)
Armour
 j - a +0 pair of gloves (worn)
   (You found it on level 6 of the Dungeon)
 p - a +0 helmet (worn)
   (You found it on level 5 of the Dungeon)
 C - a +2 ring mail of fire resistance (worn)
   (You bought it in a shop on level 7 of the Dungeon)
 G - a +0 cloak (worn)
   (You took it off Crazy Yiuf on level 7 of the Dungeon)
Jewellery
 B - the ring "Qedido" {Ice +Blink Int+5}
   (You found it on level 6 of the Dungeon)

   [ring of ice]

   It enhances your ice magic, and weakens your fire magic.
   It affects your intelligence (+5).
   It makes you vulnerable to fire.
   It protects you from cold.
   It lets you blink.
Wands
 i - a wand of digging (2/24)
   (You took it off Natasha on level 5 of the Dungeon)
Scrolls
 e - a scroll of remove curse {@r2}
 g - a scroll of amnesia
 h - 2 scrolls of fear
 k - 3 scrolls of magic mapping
 l - 2 scrolls of teleportation {@r4}
 o - 3 scrolls of enchant armour
 u - 2 scrolls of immolation {!r}
 x - a scroll of recharging
 y - a scroll of vulnerability {unknown}
Potions
 f - a potion of mutation {unknown}
 m - a potion of haste {unknown}
 n - a potion of flight {unknown}
 q - a potion of might {unknown}
 t - 2 potions of ambrosia
 v - a potion of brilliance {unknown}
 w - a potion of lignification {unknown}
 z - a potion of cure mutation {unknown}
 A - a potion of invisibility {unknown}
 D - 2 potions of resistance {unknown}
Books
 c - a book of Battle
Comestibles
 d - 2 bread rations {@e1}
 F - a chunk of flesh

#.........
##.........
##..........
...........
..........
...S... ##oo.#
#(@..#
#########.)###
#......#†..####
#................
#..<.......######
#..........#
#......#...#
#......#...#
#......#....#


You could see an orc warrior, an adder, an orc and a friendly spectral long
sword.


Message History

Your spectral weapon hits the howler monkey but does no damage.
The orc hits your spectral weapon with a falchion!
Your spectral weapon shares its damage with you!
The howler monkey hits you but does no damage.
You hit the howler monkey.
Your spectral weapon hits the howler monkey!
You kill the howler monkey!
Cheibriados appreciates the change of pace.
Your Throwing skill increases to level 1!
The orc hits your spectral weapon with a falchion.
You swap places.
An orc warrior comes into view. It is wielding a glaive.
The orc barely misses you.
You closely miss the orc.
Your spectral weapon closely misses the orc.
The orc hits you but does no damage.
You slash the orc!
You kill the orc!
Cheibriados appreciates the change of pace.
Unknown command.
An orc comes into view.
The orc warrior closely misses you.
The orc warrior hits you from afar with a glaive!!
Your shroud falls apart!
You see here a falchion.
Unknown command.
The orc warrior closely misses you.
An adder comes into view.
You closely miss the orc warrior.
Your spectral weapon hits the orc warrior but does no damage.
The orc warrior misses you.
You hit the orc warrior.
Your spectral weapon closely misses the orc warrior.
You hit the orc warrior.
Your spectral weapon closely misses the orc warrior.
The orc warrior hits you with a glaive!
* * * LOW HITPOINT WARNING * * *
The orc closely misses you.
Unknown command.
You hit the orc warrior.
Your spectral weapon barely misses the orc warrior.
The orc completely misses you.
Your ring mail prevents you from hitting the orc warrior.
Your spectral weapon hits the orc warrior!
The orc warrior hits you with a glaive!
* * * LOW HITPOINT WARNING * * *
You hit the orc warrior.
Your spectral weapon hits the orc warrior but does no damage.
The orc hits you but does no damage. The orc warrior hits you with a glaive.
You die...

Vault maps used:
D:1:      kennysheep_arrival_forest
D:2:      ecumenical_altar_2
D:4:      lemuel_round_altar, cheibriados_altar_1, first_bread, uniq_natasha
D:5:      kennysheep_steamy, okawaru_gym_becter, kennysheep_potato
D:6:      ashenzari_conservatory_becter, serial_co_window_serial,
          co_window_corner_a, co_window_of_opportunity_a, co_window_paths_a,
          co_window_paths_a, co_window_of_opportunity_a, co_window_broadway_a,
          co_window_broadway_b, co_window_of_opportunity_b,
          co_window_unsneaky_path_e, co_window_2corner, glass_columns_a,
          basic_altar
D:7:      tso_metal_star, minmay_overflow_temple_star_quad, serial_shops, shop,
          minivault_11, uniq_crazy_yiuf_cottage

Vanquished Creatures
  A hill giant (D:6)
  A wyvern (D:5)
  2 steam dragons
  An ice beast (D:7)
  2 black bears
  A phantom (D:6)
  An ogre (D:5)
  6 giant frogs
  2 scorpions (D:4)
  5 howler monkeys
  3 crimson imps (D:7)
  2 centaur zombies
  A giant frog zombie (D:6)
  5 hounds
  Crazy Yiuf (D:7)
  2 centaur skeletons
  2 orc priests
  An iguana (D:6)
  Natasha (thrice) (D:4 D:5)
  3 orc wizards
  9 worker ants
  A hound skeleton (D:4)
  2 howler monkey skeletons
  8 adders
  A shadow imp (D:5)
  3 oozes
  2 worms (D:3)
  5 giant geckos
  17 orcs
  3 ball pythons
  4 giant cockroaches
  2 goblins
  5 hobgoblins
  11 kobolds
  3 quokkas
  3 bats
  A giant gecko skeleton (D:4)
  2 giant newts
  2 jackal skeletons
  A quokka skeleton (D:5)
  8 rats
138 creatures vanquished.

Vanquished Creatures (others)
  A fungus (D:5)
  A spectral weapon (D:6)
2 creatures vanquished.

Grand Total: 140 creatures vanquished

Table legend:
 A = Turns spent in this place as a percentage of turns spent in the entire game.
 B = Non-inter-level travel turns spent in this place as a percentage of non-inter-level travel turns spent in the entire game.
 C = Inter-level travel turns spent in this place as a percentage of turns spent in this place.
 D = Turns resting spent in this place as a percentage of non-inter-level travel turns spent in this place.
 E = Turns spent auto-exploring this place as a percentage of non-inter-level travel turns spent in this place.
 F = Non-inter-level travel turns spent in this place divided by the number of levels of this place that you've seen.
                   A       B       C       D       E      F
               +-------+-------+-------+-------+-------+----------------------
         Total | 100.0 | 100.0 |   0.5 |  10.1 |  17.2 | 233.5
       Dungeon | 100.0 | 100.0 |   0.5 |  10.1 |  17.2 | 233.5
               +-------+-------+-------+-------+-------+----------------------

Table legend:
 A = Kills in this place as a percentage of kills in entire the game.
 B = Kills by you in this place as a percentage of kills by you in the entire game.
 C = Kills by friends in this place as a percentage of kills by friends in the entire game.
 D = Other kills in this place as a percentage of other kills in the entire game.
 E = Experience gained in this place as a percentage of experience gained in the entire game.
 F = Experience gained in this place divided by the number of levels of this place that you have seen.
                   A       B       C       D       E      F
               +-------+-------+-------+-------+-------+----------------------
         Total | 100.0 | 100.0 |  -nan |  -nan | 100.0 | 548.0
       Dungeon | 100.0 | 100.0 |  -nan |  -nan | 100.0 | 548.0
               +-------+-------+-------+-------+-------+----------------------

Notes
Turn   | Place    | Note
-------+----------+-------------------------------------------
     0 | D:1      | Sixotanaka the High Elf Skald began the quest for the Orb.
     0 | D:1      | Reached XP level 1. HP: 14/14 MP: 4/4
   275 | D:1      | Reached skill level 3 in Long Blades
   785 | D:1      | Reached XP level 2. HP: 18/19 MP: 6/6
   789 | D:1      | Learned a level 2 spell: Shroud of Golubria
   936 | D:2      | Found a faded altar of an unknown god.
  1234 | D:2      | Reached skill level 4 in Long Blades
  1799 | D:3      | Reached XP level 3. HP: 21/24 MP: 7/7
  2141 | D:3      | Reached skill level 4 in Charms
  2164 | D:3      | HP: 6/24 [poisoned by a kobold]
  2499 | D:3      | Learned a level 3 spell: Spectral Weapon
  2601 | D:3      | Reached XP level 4. HP: 19/29 MP: 6/8
  3196 | D:4      | Reached skill level 5 in Long Blades
  3209 | D:4      | Noticed a black bear
  3338 | D:4      | Found a snail-covered altar of Cheibriados.
  3349 | D:4      | Became a worshipper of Cheibriados the Contemplative
  3375 | D:4      | Found an opulent altar of Gozag.
  3579 | D:4      | Reached XP level 5. HP: 25/34 MP: 2/9
  3645 | D:4      | Reached skill level 6 in Long Blades
  3880 | D:4      | Reached skill level 5 in Charms
  4057 | D:4      | Noticed Natasha
  4070 | D:4      | Killed Natasha
  4070 | D:4      | Reached XP level 6. HP: 32/39 MP: 5/10
  4192 | D:4      | Reached skill level 7 in Long Blades
  4284 | D:4      | Noticed Natasha
  4296 | D:4      | Killed Natasha
  4296 | D:4      | Reached * piety under Cheibriados
  4303 | D:4      | Learned a level 3 spell: Regeneration
  4324 | D:4      | HP: 6/39 [black bear (4)]
  4386 | D:4      | Reached skill level 8 in Long Blades
  4386 | D:4      | Reached skill level 6 in Charms
  4386 | D:4      | Reached XP level 7. HP: 25/45 MP: 7/11
  4823 | D:5      | Entered Level 5 of the Dungeon
  4840 | D:5      | Found an iron altar of Okawaru.
  5211 | D:5      | Noticed a wyvern
  5221 | D:5      | Killed a wyvern
  5221 | D:5      | Reached skill level 9 in Long Blades
  5373 | D:5      | Reached skill level 7 in Charms
  5444 | D:5      | Reached XP level 8. HP: 31/50 MP: 8/12
  5574 | D:5      | HP: 11/50 [steam dragon (8)]
  5576 | D:5      | Reached skill level 10 in Long Blades
  5802 | D:5      | Reached ** piety under Cheibriados
  5874 | D:5      | Noticed Natasha
  5882 | D:5      | Killed Natasha
  6417 | D:6      | Found a stormy altar of Qazlal.
  6515 | D:6      | Noticed a hill giant
  6728 | D:6      | Found a shattered altar of Ashenzari.
  6763 | D:6      | Reached skill level 11 in Long Blades
  7088 | D:6      | Reached skill level 1 in Invocations
  7136 | D:6      | Found a staircase to the Ecumenical Temple.
  7274 | D:6      | Reached skill level 2 in Invocations
  7342 | D:6      | Reached skill level 12 in Long Blades
  7539 | D:6      | Reached *** piety under Cheibriados
  7539 | D:6      | Reached XP level 9. HP: 53/54 MP: 6/13
  7547 | D:6      | Killed a hill giant
  7547 | D:6      | Reached skill level 3 in Invocations
  7776 | D:6      | Reached skill level 4 in Invocations
  7837 | D:6      | Got a crude bronze ring
  7838 | D:6      | Identified the ring "Qedido" {Ice +Blink Int+5} (You found it on level 6 of the Dungeon)
  8009 | D:7      | Found a glowing golden altar of the Shining One.
  8070 | D:7      | Found a sparkling altar of Nemelex Xobeh.
  8074 | D:7      | Found a radiant altar of Vehumet.
  8080 | D:7      | Found a bloodstained altar of Trog.
  8273 | D:7      | Reached skill level 13 in Long Blades
  8331 | D:7      | Found a runed door.
  8440 | D:7      | Found Efaj's Armour Boutique.
  8453 | D:7      | Bought a +2 ring mail of fire resistance for 315 gold pieces
  8858 | D:7      | Noticed Crazy Yiuf
  8866 | D:7      | Killed Crazy Yiuf
  8970 | D:8      | Reached skill level 1 in Throwing
  8980 | D:8      | HP: 3/54 [orc warrior/glaive (14)]
  8981 | D:8      | Slain by an orc warrior

Action                   |  1- 3 |  4- 6 |  7- 9 || total
-------------------------+-------+-------+-------++-------
Melee: Falchion          |    82 |       |       ||    82
       Long sword        |    22 |   149 |   298 ||   469
 Fire: Blowgun           |       |     7 |       ||     7
 Cast: Infusion          |     6 |    11 |    12 ||    29
       Shroud of Golubri |     2 |     8 |     8 ||    18
       Spectral Weapon   |       |       |    21 ||    21
       Regeneration      |       |       |     5 ||     5
  Use: Potion            |       |     1 |     2 ||     3
       Scroll            |       |       |    11 ||    11
 Stab: Distracted        |       |       |     4 ||     4
  Eat: Chunk             |     4 |     7 |     4 ||    15
       Pizza             |     1 |       |       ||     1
       Bread ration      |       |       |     1 ||     1
       Royal jelly       |       |       |     1 ||     1
Armor: Leather armour    |    12 |       |       ||    12
       Ring mail         |    13 |    46 |    72 ||   131
Dodge: Dodged            |    37 |    69 |   113 ||   219
